 Dungeon Crawl Stone Soup version 0.22-a0-456-g11ed031 (webtiles) character file.

762 DrEnzyme the Sneak (level 7, -5/45 HPs)
             Began as an Octopode Wanderer on June 6, 2018.
             Shot with an arrow by a centaur (12 damage)
             ... on level 6 of the Dungeon.
             The game lasted 00:24:48 (5698 turns).

DrEnzyme the Sneak (Octopode Wanderer)              Turns: 5698, Time: 00:24:49

Health: -5/45      AC:  1    Str: 11    XL:     7   Next: 81%
Magic:  10/10      EV: 13    Int: 15    God:
Gold:   332        SH:  0    Dex: 15    Spells: 5/11 levels left

rFire    . . .     SeeInvis .   b - +2 hand crossbow
rCold    . . .     Gourm    .   (no shield)
rNeg     . . .     Faith    .   (helmet restricted)
rPois    +         Spirit   .   (no amulet)
rElec    +         Reflect  .   i - ring of Eternal Harmony {rElec rPois MR+ Int+2 Stlth+}
rCorr    .         Harm     .   (no ring)
MR       +....                  (no ring)
Stlth    +++++.....             (no ring)
HPRegen  0.15/turn              (no ring)
MPRegen  0.12/turn              (no ring)
                                (no ring)
                                (no ring)

@: no status effects
A: almost no armour, stealthy swim, amphibious, 8 rings, constrict 8, camouflage
1, gelatinous body 1
a: no special abilities


You were on level 6 of the Dungeon.
You were not hungry.

You visited 1 branch of the dungeon, and saw 6 of its levels.

You collected 332 gold pieces.

Inventory:

Hand Weapons
 a - a +0 rapier
 b - a +2 hand crossbow (weapon)
Missiles
 d - 59 arrows
 e - 11 bolts (quivered)
Jewellery
 i - the ring of Eternal Harmony (left tentacle) {rElec rPois MR+ Int+2 Stlth+}
   (You took it off a crimson imp on level 5 of the Dungeon)

   [ring of protection from magic]

   It affects your intelligence (+2).
   It insulates you from electricity.
   It protects you from poison.
   It affects your resistance to hostile enchantments.
   It makes you more stealthy.
Wands
 m - a wand of scattershot (5)
Scrolls
 c - 2 scrolls of teleportation
 h - 3 scrolls of remove curse
 j - a scroll of enchant weapon
 l - a scroll of magic mapping
Potions
 g - a potion of brilliance
 k - a potion of cancellation
 n - 2 potions of flight
 q - 2 potions of magic
Comestibles
 f - 6 rations


   Skills:
 - Level 2.0 Fighting
 * Level 3.5 Short Blades
 - Level 5.2 Crossbows
 - Level 1.0 Dodging
 + Level 6.2 Stealth
   Level 1.0 Shields
 * Level 2.6 Spellcasting
 * Level 3.1 Transmutations


You had 5 spell levels left.
You knew the following spells:

 Your Spells              Type           Power        Failure   Level  Hunger
a - Sticks to Snakes      Tmut           ##......     9%          2    ###....
b - Spider Form           Tmut/Pois      #.........   32%         3    ###....
c - Beastly Appendage     Tmut           ##....       6%          1    #......

Your spell library contained the following spells:

 Spells                   Type           Power        Failure   Level  Hunger
 Controlled Blink         Tloc           N/A          100%        8    #######
 Blade Hands              Tmut           ##........   85%         5    ######.
 Ice Form                 Ice/Tmut       #.......     73%         4    #####..
 Dispersal                Tloc           #.........   100%        6    #######
 Portal Projectile        Hex/Tloc       #.....       54%         3    ###....
 Disjunction              Tloc           #.........   100%        8    #######
 Force Lance              Conj/Tloc      #.......     91%         4    #####..
 Gell's Gravitas          Tloc           #.........   54%         3    ###....


Dungeon Overview and Level Annotations

Branches:
Dungeon (6/15)
 Temple: D:4-7

Altars:
Makhleb
Nemelex Xobeh
Ru
Wu Jian

Shops:
D:5 %

Annotations:
D:5 exclusions: 2 centaurs and sky beast


Innate Abilities, Weirdness & Mutations

You cannot wear most types of armour.
You are very stealthy in the water. (Stealth+)
You are amphibious.
You can wear up to eight rings at the same time.
You can use your tentacles to constrict eight enemies at once.
Your skin changes colour to match your surroundings (Stealth+).
Your rubbery body absorbs attacks. (AC +1, EV +1)


Message History

The centaur wields a shortbow.
The centaur shoots an arrow.
The arrow hits you!
The centaur shoots an arrow.
The arrow closely misses you.
Firing (i - inventory)
e - 12 bolts (quivered)
Press: ? - help, Shift-Dir - straight line, f/p - centaur
Aim: a centaur, wielding a shortbow (lightly wounded)
You shoot a bolt. The bolt closely misses the centaur.
The centaur shoots an arrow.
The arrow hits you!
The centaur shoots an arrow.
The arrow hits you.
You see here an arrow.
The centaur shoots an arrow.
The arrow hits you!
* * * LOW HITPOINT WARNING * * *
You see here an arrow.
Okay, then.
Okay, then.
There is an open door here.
The centaur shoots an arrow.
The arrow closely misses you.
You see here an arrow.
You close the door.
The centaur shoots an arrow.
The arrow hits you!
You die...

#.8.8(8.8.#
##.#...#.##
#...(.###
##.(.##.#
##+###.#
#c###.##
#......#
####...#
#..@# #.###
#.# #.# #..
###


You could see a centaur.

Vanquished Creatures
  A sky beast (D:5)
  A phantom (D:4)
  A scorpion (D:5)
  A jelly (D:5)
  A howler monkey (D:5)
  A crimson imp (D:5)
  A hound (D:4)
  An iguana (D:5)
  6 worker ants
  A hound zombie (D:5)
  Robin (D:4)
  7 adders
  3 worms
  4 dart slugs
  8 leopard geckos
  2 orcs
  14 giant cockroaches
  12 goblins
  8 hobgoblins
  16 jackals
  A ball python (D:3)
  5 bats
  7 frilled lizards
  6 kobolds
  A leopard gecko skeleton (D:4)
  A quokka zombie (D:5)
  19 rats
130 creatures vanquished.

Vanquished Creatures (collateral kills)
  A worker ant (D:5)
1 creature vanquished.

Grand Total: 131 creatures vanquished

Notes
Turn   | Place    | Note
-------+----------+-------------------------------------------
     0 | D:1      | DrEnzyme the Octopode Wanderer began the quest for the Orb.
     0 | D:1      | DrEnzyme set off with: a +2 hand crossbow, 23 bolts, a scroll of teleportation, a potion of lignification, a +0 dagger, a ration
     0 | D:1      | Reached XP level 1. HP: 14/14 MP: 1/1
    13 | D:1      | Reached skill level 3 in Stealth
    33 | D:1      | Reached XP level 2. HP: 14/19 MP: 2/2
   387 | D:1      | Reached XP level 3. HP: 24/24 MP: 3/3
  1030 | D:2      | Found an ornate altar of the Wu Jian Council.
  1060 | D:2      | Reached XP level 4. HP: 29/29 MP: 4/4
  1422 | D:2      | Found a burning altar of Makhleb.
  1443 | D:2      | Found a sparkling altar of Nemelex Xobeh.
  1443 | D:2      | Found a sacrificial altar of Ru.
  1560 | D:2      | Reached skill level 4 in Stealth
  1798 | D:3      | Reached XP level 5. HP: 26/34 MP: 5/5
  1907 | D:3      | Reached skill level 5 in Crossbows
  2150 | D:3      | Noticed Robin
  2338 | D:4      | Learned a level 1 spell: Beastly Appendage
  2342 | D:4      | Learned a level 3 spell: Spider Form
  2512 | D:4      | Reached skill level 1 in Transmutations
  2512 | D:4      | Reached XP level 6. HP: 39/39 MP: 7/7
  2555 | D:4      | Reached skill level 1 in Spellcasting
  2564 | D:4      | Noticed a phantom
  2928 | D:4      | Killed Robin
  3331 | D:5      | Entered Level 5 of the Dungeon
  3357 | D:5      | Noticed a sky beast
  3442 | D:4      | Killed a phantom
  3442 | D:4      | Reached skill level 5 in Stealth
  3745 | D:5      | Reached XP level 7. HP: 27/45 MP: 9/9
  3864 | D:5      | Learned a level 2 spell: Sticks to Snakes
  4922 | D:5      | Reached skill level 6 in Stealth
  4931 | D:5      | Got a faintly glowing bone ring
  5045 | D:5      | Identified the ring of Eternal Harmony {rElec rPois MR+ Int+2 Stlth+} (You took it off a crimson imp on level 5 of the Dungeon)
  5128 | D:5      | Found Eziodora's Food Shoppe.
  5698 | D:6      | Shot with an arrow by a centaur

Vault maps used:
D:1:      lordsloth_arrival_two_stooges, minmay_rat_gold_closets
D:2:      minmay_roachtagon, lemuel_crystal_altar,
          gammafunk_temple_overflow_forgotten, minmay_unequal
D:3:      first_ration, uniq_robin
D:5:      serial_shops, nicolae_shop_waterfront, sigmund_army
D:6:      minmay_temple_entry_glass, dk_noncrumbling_3

Skill      XL: |  1  2  3  4  5  6  7 |
---------------+----------------------+-----
Stealth        | 3 4 5 6 |  6.2
Crossbows      | 4 5 |  5.2
Short Blades   | 2 3 |  3.5
Transmutations | 1 2 3 |  3.1
Spellcasting   | 1 2 |  2.6
Fighting       | |  2.0
Dodging        | |  1.0
Shields        | |  1.0

Action                   |  1- 3 |  4- 6 |  7- 9 || total
-------------------------+-------+-------+-------++-------
Melee: Dagger            |    22 |    60 |       ||    82
       Constrict         |     6 |    17 |     7 ||    30
       Tentacles         |     3 |    13 |     8 ||    24
       Rapier            |       |    17 |    26 ||    43
 Fire: Hand crossbow     |    57 |   103 |    30 ||   190
 Cast: Sticks to Snakes  |       |       |    19 ||    19
  Use: Scroll            |       |     8 |       ||     8
       Potion            |       |     1 |     1 ||     2
 Stab: Sleeping          |     8 |     8 |       ||    16
       Distracted        |       |     1 |     1 ||     2
  Eat: Chunk             |       |     7 |     2 ||     9
       Ration            |       |     1 |     1 ||     2
Armor: Skin              |     4 |    21 |     3 ||    28
Dodge: Dodged            |    12 |    58 |    31 ||   101

Table legend:
 A = Spawn XP
 B = Non-spawn XP
 C = Spawn XP percentage of total XP
 D = Spawn monster count
 E = Non-spawn monster count
 F = Spawn count percentage of total count
 G = Total turns spent on level
                    A         B        C        D         E        F      G
               +---------+---------+-------+---------+---------+-------+---------
         Total |       0 |    1089 |   0.0 |       0 |     131 |   0.0 |  5698
               +---------+---------+-------+---------+---------+-------+---------
           D:1 |       0 |      49 |   0.0 |       0 |      33 |   0.0 |   881
           D:2 |       0 |     106 |   0.0 |       0 |      34 |   0.0 |  1047
           D:3 |       0 |      83 |   0.0 |       0 |      30 |   0.0 |   905
           D:4 |       0 |     335 |   0.0 |       0 |      15 |   0.0 |  1446
           D:5 |       0 |     516 |   0.0 |       0 |      19 |   0.0 |  1393
               +---------+---------+-------+---------+---------+-------+---------
